 Dungeon Crawl Stone Soup version 0.20.0-10-g0535bb4 (webtiles) character file.

32 asdasd2 the Covered (level 3, -1/33 HPs)
             Began as a Minotaur Fighter on June 5, 2017.
             Succumbed to a gnoll's poison
             ... on level 2 of the Dungeon.
             The game lasted 00:01:53 (680 turns).

asdasd2 the Covered (Minotaur Fighter)               Turns: 680, Time: 00:01:54

Health: -1/33      AC:  9    Str: 21    XL:     3   Next: 8%
Magic:  2/2        EV:  7    Int: 10    God:
Gold:   101        SH:  9    Dex:  9    Spells: 2/2 levels left

rFire    . . .     SeeInvis .   a - +0 war axe
rCold    + . .     Gourm    .   c - +0 shield
rNeg     . . .     Faith    .   b - +0 scale mail
rPois    .         Spirit   .   (helmet unavailable)
rElec    .         Reflect  .   (no cloak)
rCorr    .         Harm     .   e - +0 pair of gloves
MR       +....     Clarity  +   q - +0 pair of boots
Stlth    ..........             (no amulet)
Regen    0.2/turn               (no ring)
MPRegen  0.1/turn               (no ring)

@: brilliant, lethally poisoned (-1 -> -34)
A: retaliatory headbutt, horns 3, clarity, cold resistance 1, magic resistance 1
a: no special abilities


You were on level 2 of the Dungeon.
You were not hungry.

You visited 1 branch of the dungeon, and saw 2 of its levels.

You collected 101 gold pieces.

Inventory:

Hand Weapons
 a - a +0 war axe (weapon)
Armour
 b - a +0 scale mail (worn)
 c - a +0 shield (worn)
 e - a +0 pair of gloves (worn)
 q - a +0 pair of boots (worn)
Scrolls
 h - a scroll of blinking {unknown}
 j - a scroll of fear {unknown}
 l - a scroll of identify {unknown}
 m - a scroll of amnesia {unknown}
 o - 3 scrolls of remove curse {unknown}
 p - 2 scrolls of recharging {unknown}
 r - 2 scrolls of teleportation {unknown}
 s - a scroll of noise {unknown}
 t - a scroll of enchant armour {unknown}
Potions
 d - a potion of might
Comestibles
 f - a bread ration
 k - a meat ration


   Skills:
 + Level 3.9 Fighting
 * Level 3.3 Axes
 * Level 4.3 Armour
 + Level 0.2 Dodging
 - Level 3.6 Shields


You had 2 spell levels left.
You didn't know any spells.

Dungeon Overview and Level Annotations

Branches:
Dungeon (2/15)

Altars:


Innate Abilities, Weirdness & Mutations

You reflexively headbutt those who attack you in melee.
You have a pair of large horns on your head.
You possess an exceptional clarity of mind.
Your flesh is cold resistant. (rC+)
You are resistant to hostile enchantments. (MR+)


Message History

There is a lethal amount of poison in your body!
It was a potion of cancellation.
You feel magically purged.
* * * LOW HITPOINT WARNING * * *
You feel very sick.
It was a potion of mutation.
You feel extremely strange.
You feel resistant to hostile enchantments.
You feel resistant to cold. The horns on your head grow some more.
Your thoughts seem clearer.
* * * LOW HITPOINT WARNING * * *
You feel very sick.
It was a potion of brilliance.
You feel clever all of a sudden.
* * * LOW HITPOINT WARNING * * *
You feel sick.
Okay, then.
Okay, then.
There is a lethal amount of poison in your body!
There is a lethal amount of poison in your body!
There is a lethal amount of poison in your body!
You die...

##### #...#
#...# #...#
#@..# #<..#
#...# #...#
#...#
#.........#
ggS#####...#
...# ..##


There were no monsters in sight!

Vanquished Creatures
  A gnoll (D:2)
  A dart slug (D:1)
  A ball python (D:1)
  3 giant cockroaches (D:1)
  3 goblins (D:1)
  2 hobgoblins (D:1)
  4 kobolds (D:1)
  2 bats (D:1)
  2 rats (D:1)
19 creatures vanquished.

Notes
Turn   | Place    | Note
-------+----------+-------------------------------------------
     0 | D:1      | asdasd2 the Minotaur Fighter began the quest for the Orb.
     0 | D:1      | Reached XP level 1. HP: 19/19 MP: 0/0
    77 | D:1      | Reached XP level 2. HP: 26/27 MP: 1/1
   105 | D:1      | Reached skill level 4 in Armour
   676 | D:2      | Reached XP level 3. HP: 14/33 MP: 2/2
   678 | D:2      | Gained mutation: You are resistant to hostile enchantments. (MR+) [potion of mutation]
   678 | D:2      | Gained mutation: Your flesh is cold resistant. (rC+) [potion of mutation]
   678 | D:2      | Gained mutation: You have a pair of large horns on your head. [potion of mutation]
   678 | D:2      | Gained mutation: You possess an exceptional clarity of mind. [potion of mutation]
   680 | D:2      | Succumbed to a gnoll's poison

Skill      XL: |  1  2 |
---------------+-------+-----
Armour         | 4 |  4.3
Axes           | 3 |  3.3
Fighting       | |  3.9
Dodging        | |  0.2
Shields        | |  3.6

Action                   || total
-------------------------++-------
Melee: War axe           ||    39
       Headbutt          ||     8
  Use: Potion            ||     3
Armor: Scale mail        ||    28
Dodge: Dodged            ||     9
Block: Shield            ||    14
